[ AOE2 MATCH · #506186544 ]
UnrankedDravidians vs Armenians
Player's team · LOSS
Rival team · WIN
[ REPLAY ANALYSIS · EXTRACTED FROM THE RECORDED GAME ]
Feudal
12:11
Castle
16:09
Imperial
—
| APM avg | 54.4 |
| APM peak | 90 |
| eAPM avg | 32.7 |
| Villagers / military | 266 / 60 |
Focus
⚔️ 33.9% · 🌾 66.1%
Elephant Archer ×19 · Petard ×17 · Armored Elephant ×7 · Archer ×5 · Mangonel ×5 · Monk ×3
Feudal
9:17
Castle
19:34
Imperial
33:48
| APM avg | 60.5 |
| APM peak | 90 |
| eAPM avg | 33.4 |
| Villagers / military | 138 / 44 |
Focus
⚔️ 45.0% · 🌾 55.0%
Archer ×11 · Composite Bowman ×9 · Mangonel ×8 · Warrior Priest ×7 · Skirmisher ×4 · Trebuchet (Packed) ×3
Match map
Initial resources + every placement click. Lines = walls · curves = elevation contours. ◆ gold · ⬟ stone · ● berries · ✦ relic · ◌ wall gap
Your base· Open — unwalled flank
Courtesy's base· Open — unwalled flank
Smoothed initial terrain · ◌ = detected wall gap · hover for details
Inputs per minute
— OS+ | TheKroks - - Courtesy
Build order — OS+ | TheKroks
First 150 of 448 actions detected
| 0:01 | Create | Villager (Male) |
| 0:01 | Create | Villager (Male) |
| 0:01 | Create | Villager (Male) |
| 0:03 | Build | House |
| 0:15 | Create | Villager (Male) |
| 1:15 | Create | Villager (Male) |
| 1:41 | Build | House |
| 1:42 | Build | House |
| 1:48 | Create | Villager (Male) |
| 2:17 | Build | Lumber Camp |
| 2:20 | Create | Villager (Male) |
| 2:20 | Create | Villager (Male) |
| 2:20 | Create | Villager (Male) |
| 2:55 | Create | Villager (Male) |
| 2:55 | Create | Villager (Male) |
| 3:03 | Create | Villager (Male) |
| 3:03 | Create | Villager (Male) |
| 3:31 | Create | Villager (Male) |
| 3:40 | Create | Villager (Male) |
| 3:40 | Create | Villager (Male) |
| 4:15 | Create | Villager (Male) |
| 4:22 | Create | Villager (Male) |
| 4:22 | Create | Villager (Male) |
| 4:38 | Build | Mill |
| 5:06 | Create | Villager (Male) |
| 5:06 | Create | Villager (Male) |
| 5:06 | Create | Villager (Male) |
| 5:24 | Build | House |
| 5:37 | Create | Villager (Male) |
| 5:54 | Create | Villager (Male) |
| 5:54 | Create | Villager (Male) |
| 6:02 | Create | Villager (Male) |
| 6:02 | Create | Villager (Male) |
| 6:22 | Create | Villager (Male) |
| 6:38 | Create | Villager (Male) |
| 6:38 | Create | Villager (Male) |
| 6:40 | Build | Mill |
| 7:01 | Create | Villager (Male) |
| 7:02 | Create | Villager (Male) |
| 7:11 | Create | Villager (Male) |
| 7:12 | Create | Villager (Male) |
| 7:21 | Create | Villager (Male) |
| 7:21 | Create | Villager (Male) |
| 7:33 | Build | House |
| 7:35 | Create | Villager (Male) |
| 7:36 | Create | Villager (Male) |
| 7:47 | Create | Villager (Male) |
| 8:01 | Create | Villager (Male) |
| 8:01 | Create | Villager (Male) |
| 8:28 | Create | Villager (Male) |
| 8:28 | Create | Villager (Male) |
| 8:28 | Create | Villager (Male) |
| 8:36 | Create | Villager (Male) |
| 8:36 | Create | Villager (Male) |
| 8:43 | Create | Villager (Male) |
| 8:43 | Create | Villager (Male) |
| 8:56 | Build | Mining Camp |
| 9:17 | Research | Feudal Age |
| 9:21 | Research | Loom |
| 9:23 | Build | Lumber Camp |
| 9:45 | Build | Palisade Wall |
| 9:51 | Research | Feudal Age |
| 10:16 | Create | Villager (Male) |
| 10:18 | Build | Farm |
| 10:46 | Create | Villager (Male) |
| 10:55 | Create | Villager (Male) |
| 11:29 | Build | House |
| 12:11 | Age | Feudal Age |
| 12:15 | Build | Watch Tower |
| 12:23 | Build | Market |
| 12:25 | Create | Villager (Male) |
| 12:53 | Build | Blacksmith |
| 13:13 | Build | House |
| 13:29 | Research | Castle Age |
| 13:32 | Research | Double-Bit Axe |
| 13:32 | Research | Double-Bit Axe |
| 13:41 | Build | Stone Wall |
| 13:45 | Build | Stone Wall |
| 13:57 | Build | Mining Camp |
| 14:08 | Build | Farm |
| 14:09 | Build | Farm |
| 14:23 | Build | Farm |
| 14:45 | Build | Farm |
| 14:52 | Research | Fletching |
| 15:25 | Create | Villager (Male) |
| 15:34 | Build | Farm |
| 15:35 | Build | Farm |
| 15:37 | Build | Farm |
| 15:43 | Research | Horse Collar |
| 15:43 | Research | Horse Collar |
| 16:09 | Age | Castle Age |
| 16:11 | Create | Elephant Archer |
| 16:17 | Create | Villager (Male) |
| 16:24 | Build | Siege Workshop |
| 16:28 | Create | Villager (Male) |
| 16:31 | Create | Villager (Male) |
| 16:33 | Build | Farm |
| 16:34 | Build | Farm |
| 16:34 | Build | Farm |
| 16:36 | Build | Farm |
| 16:56 | Create | Elephant Archer |
| 16:56 | Create | Elephant Archer |
| 17:12 | Build | House |
| 17:15 | Create | Villager (Male) |
| 17:15 | Create | Villager (Male) |
| 17:30 | Create | Villager (Male) |
| 17:30 | Create | Villager (Male) |
| 17:36 | Create | Armored Elephant |
| 17:36 | Create | Armored Elephant |
| 17:49 | Create | Villager (Male) |
| 17:49 | Create | Villager (Male) |
| 17:54 | Build | Monastery |
| 18:04 | Build | Farm |
| 18:20 | Build | Farm |
| 18:20 | Create | Villager (Male) |
| 18:21 | Create | Villager (Male) |
| 18:21 | Create | Villager (Male) |
| 18:27 | Build | Farm |
| 18:27 | Create | Villager (Male) |
| 18:27 | Create | Villager (Male) |
| 19:02 | Create | Monk |
| 19:30 | Research | Bow Saw |
| 19:31 | Create | Villager (Male) |
| 19:31 | Create | Villager (Male) |
| 19:32 | Create | Villager (Male) |
| 19:49 | Build | House |
| 19:50 | Build | House |
| 19:50 | Create | Villager (Male) |
| 19:50 | Create | Villager (Male) |
| 19:55 | Build | Farm |
| 19:56 | Build | Farm |
| 19:59 | Create | Monk |
| 20:03 | Research | Wheelbarrow |
| 20:13 | Create | Villager (Male) |
| 20:13 | Create | Villager (Male) |
| 20:13 | Create | Villager (Male) |
| 20:26 | Build | Farm |
| 20:27 | Create | Villager (Male) |
| 20:27 | Create | Villager (Male) |
| 20:48 | Create | Villager (Male) |
| 21:06 | Create | Villager (Male) |
| 21:12 | Build | House |
| 21:45 | Build | Town Center |
| 22:00 | Create | Villager (Male) |
| 22:14 | Create | Villager (Male) |
| 22:22 | Create | Villager (Male) |
| 22:24 | Build | Siege Workshop |
| 22:31 | Research | Bodkin Arrow |
| 22:38 | Create | Villager (Male) |
| 22:38 | Create | Villager (Male) |
Build order — Courtesy
First 150 of 344 actions detected
| 0:02 | Create | Villager (Male) |
| 0:03 | Build | House |
| 0:04 | Build | House |
| 0:07 | Create | Villager (Male) ×3 |
| 0:07 | Create | Villager (Male) ×3 |
| 1:33 | Create | Villager (Male) |
| 2:02 | Create | Villager (Male) |
| 2:02 | Create | Villager (Male) |
| 2:03 | Create | Villager (Male) |
| 2:03 | Create | Villager (Male) |
| 2:18 | Build | Mill |
| 2:54 | Create | Villager (Male) |
| 2:54 | Create | Villager (Male) |
| 2:59 | Create | Villager (Male) |
| 2:59 | Create | Villager (Male) |
| 3:24 | Create | Villager (Male) |
| 3:25 | Create | Villager (Male) |
| 3:39 | Build | House |
| 3:51 | Create | Villager (Male) |
| 3:55 | Build | Mule Cart |
| 4:05 | Create | Villager (Male) |
| 4:25 | Create | Villager (Male) |
| 4:30 | Create | Villager (Male) |
| 5:40 | Create | Villager (Male) |
| 5:42 | Build | House |
| 6:14 | Create | Villager (Male) |
| 6:20 | Research | Loom |
| 7:04 | Research | Feudal Age |
| 7:05 | Research | Feudal Age |
| 7:42 | Create | Villager (Male) |
| 8:33 | Create | Villager (Male) |
| 8:46 | Build | House |
| 9:14 | Create | Villager (Male) |
| 9:17 | Age | Feudal Age |
| 9:18 | Research | Double-Bit Axe |
| 9:19 | Research | Horse Collar |
| 9:22 | Build | Farm |
| 9:25 | Build | Farm |
| 9:30 | Create | Skirmisher |
| 9:34 | Create | Villager (Male) |
| 9:41 | Create | Skirmisher |
| 10:07 | Create | Skirmisher |
| 10:09 | Create | Villager (Male) |
| 10:11 | Build | Farm |
| 10:18 | Build | Mule Cart |
| 10:21 | Create | Archer |
| 10:35 | Create | Villager (Male) |
| 10:59 | Create | Villager (Male) |
| 11:00 | Build | House |
| 11:02 | Create | Villager (Male) |
| 11:07 | Create | Archer |
| 11:18 | Create | Villager (Male) |
| 11:24 | Build | House |
| 11:38 | Create | Archer |
| 11:41 | Create | Villager (Male) |
| 11:45 | Create | Villager (Male) |
| 11:53 | Build | Watch Tower |
| 11:59 | Create | Villager (Male) |
| 12:04 | Build | Blacksmith |
| 12:13 | Create | Villager (Male) |
| 12:18 | Build | House |
| 12:30 | Build | Watch Tower |
| 12:40 | Build | Farm |
| 12:41 | Build | Farm |
| 12:53 | Create | Villager (Male) |
| 13:02 | Create | Archer |
| 13:03 | Research | Fletching |
| 13:03 | Research | Fletching |
| 13:03 | Research | Fletching |
| 13:06 | Create | Villager (Male) |
| 13:08 | Build | Mule Cart |
| 13:11 | Create | Villager (Male) |
| 13:12 | Build | Farm |
| 13:15 | Build | Farm |
| 13:26 | Build | Palisade Wall |
| 13:56 | Create | Villager (Male) |
| 14:02 | Create | Villager (Male) |
| 14:05 | Build | Palisade Wall |
| 14:05 | Build | Palisade Wall |
| 14:05 | Build | Palisade Wall |
| 14:22 | Create | Villager (Male) |
| 14:38 | Create | Villager (Male) |
| 14:40 | Build | Watch Tower |
| 14:42 | Create | Villager (Male) |
| 14:48 | Create | Villager (Male) |
| 14:51 | Create | Villager (Male) |
| 14:54 | Build | Watch Tower |
| 14:56 | Build | Palisade Wall |
| 14:59 | Build | Palisade Wall |
| 15:01 | Create | Villager (Male) |
| 15:03 | Create | Archer |
| 15:06 | Build | Market |
| 15:10 | Build | Farm |
| 16:04 | Create | Archer |
| 16:06 | Build | Palisade Wall |
| 16:06 | Build | Palisade Wall |
| 16:07 | Build | Palisade Wall |
| 16:09 | Build | Palisade Wall |
| 16:23 | Create | Villager (Male) |
| 16:54 | Research | Castle Age |
| 16:55 | Research | Castle Age |
| 17:06 | Create | Archer |
| 17:09 | Build | Watch Tower |
| 17:32 | Research | Gold Mining |
| 17:52 | Create | Archer |
| 17:59 | Build | House |
| 18:00 | Build | House |
| 18:08 | Create | Villager (Male) |
| 18:27 | Research | Padded Archer Armor |
| 18:27 | Research | Padded Archer Armor |
| 18:29 | Create | Skirmisher |
| 18:36 | Build | House |
| 18:38 | Create | Villager (Male) |
| 18:40 | Build | Stone Wall |
| 18:42 | Build | Stone Wall |
| 18:45 | Build | Stone Wall |
| 18:46 | Create | Villager (Male) |
| 18:53 | Create | Archer |
| 19:03 | Build | Stone Wall |
| 19:03 | Create | Villager (Male) |
| 19:13 | Create | Archer |
| 19:30 | Create | Villager (Male) |
| 19:34 | Age | Castle Age |
| 19:39 | Build | Siege Workshop |
| 19:41 | Research | Bodkin Arrow |
| 19:41 | Research | Bodkin Arrow |
| 19:41 | Research | Bodkin Arrow |
| 19:43 | Research | Bow Saw |
| 19:44 | Research | Bow Saw |
| 19:47 | Create | Villager (Male) |
| 19:48 | Build | Monastery |
| 20:19 | Create | Villager (Male) |
| 20:22 | Create | Mangonel |
| 20:25 | Create | Warrior Priest |
| 20:50 | Build | Watch Tower |
| 20:53 | Create | Villager (Male) |
| 21:02 | Create | Archer |
| 21:11 | Build | Watch Tower |
| 21:27 | Create | Villager (Male) |
| 21:35 | Create | Villager (Male) |
| 21:38 | Build | Farm |
| 21:48 | Create | Villager (Male) |
| 21:51 | Build | Town Center |
| 21:52 | Create | Warrior Priest |
| 22:06 | Create | Mangonel |
| 22:18 | Create | Villager (Male) |
| 22:33 | Build | House |
| 22:35 | Create | Villager (Male) |
| 22:37 | Build | University |
| 22:52 | Create | Villager (Male) |
Match timeline
| 9:17 | Courtesy · age_up feudal |
| 9:45 | OS+ | TheKroks · wall_segment Palisade Wall x1 |
| 12:11 | OS+ | TheKroks · age_up feudal |
| 13:26 | Courtesy · wall_segment Palisade Wall x1 |
| 13:41 | OS+ | TheKroks · wall_segment Stone Wall x3 |
| 13:45 | OS+ | TheKroks · wall_segment Stone Wall x6 |
| 14:05 | Courtesy · wall_segment Palisade Wall x1 |
| 14:05 | Courtesy · wall_segment Palisade Wall x2 |
| 14:05 | Courtesy · wall_segment Palisade Wall x2 |
| 14:51 | OS+ | TheKroks · first_market_buy 100 food |
| 14:56 | Courtesy · wall_segment Palisade Wall x1 |
| 14:59 | Courtesy · wall_segment Palisade Wall x1 |
| 15:54 | OS+ | TheKroks · first_market_sell 100 stone |
| 16:06 | Courtesy · wall_segment Palisade Wall x1 |
| 16:06 | Courtesy · wall_segment Palisade Wall x1 |
| 16:07 | Courtesy · wall_segment Palisade Wall x1 |
| 16:09 | Courtesy · wall_segment Palisade Wall x1 |
| 16:09 | OS+ | TheKroks · age_up castle |
| 16:11 | Courtesy · first_market_buy 100 food |
| 16:24 | OS+ | TheKroks · first_building Siege Workshop |
| 16:28 | Courtesy · first_market_sell 100 wood |
| 17:54 | OS+ | TheKroks · first_building Monastery |
| 18:40 | Courtesy · wall_segment Stone Wall x1 |
| 18:42 | Courtesy · wall_segment Stone Wall x1 |
| 18:45 | Courtesy · wall_segment Stone Wall x1 |
| 19:03 | Courtesy · wall_segment Stone Wall x1 |
| 19:34 | Courtesy · age_up castle |
| 19:39 | Courtesy · first_building Siege Workshop |
| 19:48 | Courtesy · first_building Monastery |
| 27:27 | OS+ | TheKroks · first_building Castle |
| 30:55 | Courtesy · first_building Castle |
| 33:48 | Courtesy · age_up imperial |
| 34:45 | Courtesy · first_building Barracks |
| 38:07 | OS+ | TheKroks · resign |
[ AI ANALYSIS · 1 CREDIT ]
What really happened in this match?
Wolo.gg analyzes every decision: build order, eco, micro, common mistakes by bracket. Personalized analysis on WhatsApp or Discord in 30 seconds.
Civ guide
Dravidians
Perfil
Jugador #1038375